 Dungeon Crawl Stone Soup version 0.29-a0-876-gfc89b1a5bd (webtiles) character file.

Game seed: 1489721422136724727

5 RevDB the Cudgeller (level 1, 18/18 HPs)
             Began as a Minotaur Gladiator on July 19, 2022.
             Quit the game on level 1 of the Dungeon.
             The game lasted 00:01:35 (119 turns).

RevDB the Cudgeller (Minotaur Gladiator)             Turns: 119, Time: 00:01:36

Health: 18/18      AC:  4    Str: 18    XL:     1   Next: 66%
Magic:  0/0        EV: 12    Int:  5    God:
Gold:   8          SH:  0    Dex: 11    Spells: 0/0 levels left

rFire   . . .      SeeInvis .   a - +0 flail
rCold   . . .      Faith    .   (no shield)
rNeg    . . .      Spirit   .   b - +0 leather armour
rPois   .          Reflect  .   c - +0 hat
rElec   .          Harm     .   (no cloak)
rCorr   .          Rampage  .   (no gloves)
Will    .....                   h - +0 pair of boots
Stlth   +.........              (no amulet)
HPRegen 0.06/turn               (no ring)
MPRegen 0.07/turn               (no ring)

@: no status effects
A: horns 2, retaliatory headbutt
a: no special abilities


You were on level 1 of the Dungeon.
You visited 1 branch of the dungeon, and saw 1 of its levels.

You collected 8 gold pieces.

Inventory:

Hand Weapons
 a - a +0 flail (weapon)
Missiles
 d - 3 throwing nets (quivered)
 e - a javelin
Armour
 b - a +0 leather armour (worn)
 c - a +0 hat (worn)
 h - a +0 pair of boots (worn)
Scrolls
 g - a scroll of silence {unknown}
 i - 2 scrolls of vulnerability {unknown}
 k - a scroll of noise {unknown}
 l - a scroll of teleportation {unknown}
Potions
 f - a potion of curing {unknown}
 j - a potion of brilliance {unknown}


   Skills:
 + Level 2.6 Fighting
 + Level 3.7 Maces & Flails
 + Level 2.1 Throwing
 + Level 3.4 Dodging


You couldn't memorise any spells.
You didn't know any spells.
Your spell library contained the following spells:

 Spells                   Type           Power      Damage    Failure   Level
 Sting                    Tmut/Pois      0%         1d3       54%         1
 Poisonous Vapours        Pois/Air       0%         N/A       67%         2
 Olgreb's Toxic Radiance  Pois           0%         N/A       99%         4


Dungeon Overview and Level Annotations

Branches:
Dungeon (1/15)

Altars:


Innate Abilities, Weirdness & Mutations

You have a pair of horns on your head.
You reflexively headbutt those who attack you in melee.


Message History

You pick up a Young Poisoner's Handbook and begin reading...
You add the spells Sting, Poisonous Vapours and Olgreb's Toxic Radiance to your library.
i - 2 scrolls labelled ZOAF JAZIGRISE
Found a lumpy white potion.
j - a lumpy white potion You open the door.
Found a scroll labelled SOLA RIQOBIAXU.
A ball python comes into view.
You see here a scroll labelled SOLA RIQOBIAXU.
k - a scroll labelled SOLA RIQOBIAXU The ball python hisses angrily.
You hit the plant.
The plant begins to die.
The plant is lightly damaged.
Something bites the plant.
The plant begins to die.
Something grabs the plant.
The plant is constricted.
Something bites the plant.
The plant is constricted.
Something loses its grip on the plant.
A nearby plant withers and dies.
A nearby plant withers and dies.
Found a leather armour.
Found a faded altar of an unknown god.
The ball python bites you but does no damage.
The ball python barely misses you.
You barely miss the ball python. The ball python completely misses you.
The ball python closely misses you.
The ball python bites you but does no damage.
The ball python grabs you. The ball python constricts you.
You closely miss the ball python. The ball python closely misses you.
The ball python constricts you.
You barely miss the ball python. The ball python bites you.
The ball python constricts you.
You barely miss the ball python. You headbutt the ball python.
You kill the ball python!
You see here a ball python corpse.
Found a scroll labelled XIOLIS NEDAIRR.
There is a dry fountain here.
You see here a +0 leather armour.
l - a scroll labelled XIOLIS NEDAIRR Welcome back, RevDB the Minotaur Gladiator.
Press ? for a list of commands and other information.
Are you sure you want to abandon this character and quit the game? (Confirm with "yes".)

#######
###.....#####
#.....PPP.#.#
#....P..P.#.#
#..P.≈≈P.#.P#
####..≈.⌠.P.#..###
#...[..⌠....#P...#
#@..P..P≈...#P...#
#.....#..#†#..P..#
#.....#..#_#.≈P..#
#.....######.....#
#....... #P.P....
##....... #.....##
#.......##.....#
#.##############


There were no monsters in sight!

Vanquished Creatures
  A goblin (D:1)
  2 quokkas (D:1)
  A ball python (D:1)
  A rat (D:1)
5 creatures vanquished.

Vanquished Creatures (others)
  2 plants (D:1)
2 creatures vanquished.

Grand Total: 7 creatures vanquished

Notes
Turn   | Place    | Note
-------+----------+-------------------------------------------
     0 | D:1      | RevDB the Minotaur Gladiator began the quest for the Orb.
     0 | D:1      | Reached XP level 1. HP: 18/18 MP: 0/0
   103 | D:1      | Found a faded altar of an unknown god.
   119 | D:1      | Quit the game

Illustrated notes

Levels and vault maps discovered:
D:1:      amcnicky_arrival_single_pillar, layout_basic,
          shapermc_ecumenical_altar_mp_ritualfount, minmay_tetromino_o2

Action                   || total
-------------------------++-------
Melee: Flail             ||    13
       Headbutt          ||     1
       Punch             ||     1
Armor: Leather armour    ||     3
Dodge: Dodged            ||     6

Table legend: (Time is in decaauts)
 A = Elapsed time spent in this place.
 B = Non-inter-level travel time spent in this place.
 C = Inter-level travel time spent in this place.
 D = Time resting spent in this place.
 E = Time spent auto-exploring this place.
 F = Levels seen in this place.
 G = Mean time per level.
                   A        B        C        D        E       F      G
               +--------+--------+--------+--------+--------+-----+--------+
         Total |    121 |    121 |      0 |      0 |      0 |   1 |  121.0 |
       Dungeon |    121 |    121 |      0 |      0 |      0 |   1 |  121.0 |
               +--------+--------+--------+--------+--------+-----+--------+

Top non-repeatable levels by time:
     D:1: 121 daAuts
